EL
ARKANSAS TRAVELERS @ BOWIE BAYSOX
07/28/2048
 
TOP OF THE 1ST
Arkansas Travelers batting - Pitching for Bowie Baysox : RHP Brent Widder
Pitching: RHP Brent Widder
Batting: RHB Jose Ramirez 0-0: Foul Ball, location: 2F
0-1: Foul Ball, location: 2F
0-2: Foul Ball, location: 2F
0-2: Foul Ball, location: 2F
0-2: Ground out 4-3 (Groundball, 4, EV 83.8 MPH)
Batting: RHB Juan Montez 0-0: Ball
1-0: Ball
2-0: Called Strike
2-1: Called Strike
2-2: Foul Ball, location: 2F
2-2: Ground out 4-3 (Groundball, 4, EV 76.9 MPH)
Batting: LHB Mark Reeg 0-0: Called Strike
0-1: Ball
1-1: Foul Ball, location: 2F
1-2: Ball
2-2: Foul Ball, location: 2F
2-2: Ground out 4-3 (Groundball, 4MD, EV 77.5 MPH)
Top of the 1st over - 0 runs, 0 hits, 0 errors, 0 left on base; Arkansas 0 - Bowie 0
BOTTOM OF THE 1ST
Bowie Baysox batting - Pitching for Arkansas Travelers : RHP Bartholomeu Voivodic
Pitching: RHP Bartholomeu Voivodic
Batting: LHB Tom Edwards 0-0: Ball
1-0: Called Strike
1-1: Ball
2-1: Swinging Strike
2-2: Ground out 1-3 (Groundball, 13S, EV 76.9 MPH)
Batting: RHB Joe Young 0-0: Ball
1-0: Called Strike
1-1: Bunted foul
1-2: Foul Ball, location: 2F
1-2: SINGLE (Line Drive, 8RS, EV 110.0 MPH)
Batting: RHB Muneer Maudad 0-0: Called Strike
Joe Young steals 2nd base (no throw)
0-1: SINGLE (Groundball, 56D, EV 95.6 MPH)
Joe Young to third
Runner from 3rd tries for Home, throw by LF and OUT! 7-2
Muneer Maudad to second
Batting: RHB Travis Leonard 0-0: Ball
1-0: Foul Ball, location: 2F
1-1: SINGLE (Groundball, 56D, EV 94.4 MPH)
Muneer Maudad to third
Runner from 3rd tries for Home, throw by LF and OUT! 7-2
Bottom of the 1st over - 0 runs, 3 hits, 0 errors, 1 left on base; Arkansas 0 - Bowie 0
TOP OF THE 2ND
Arkansas Travelers batting - Pitching for Bowie Baysox : RHP Brent Widder
Batting: LHB Griffin Ferris 0-0: Called Strike
0-1: Ball
1-1: Fly out, F8 (Line Drive, 8RD, EV 95.6 MPH)
Batting: RHB Juan Martinez 0-0: Called Strike
0-1: Ball
1-1: Fly out, F4 (Popup, 34S, EV 77.5 MPH)
Batting: LHB Justin Balthazor 0-0: Called Strike
0-1: Ground out U3 (Groundball, 3L, EV 89.4 MPH)
Top of the 2nd over - 0 runs, 0 hits, 0 errors, 0 left on base; Arkansas 0 - Bowie 0
BOTTOM OF THE 2ND
Bowie Baysox batting - Pitching for Arkansas Travelers : RHP Bartholomeu Voivodic
Batting: RHB John Gray 0-0: Foul Ball, location: 2F
0-1: Ball
1-1: SINGLE (Flyball, 7LS, EV 96.2 MPH)
Batting: RHB Edwin Ramos 0-0: Ball
1-0: Called Strike
1-1: Ball
2-1: Swinging Strike
2-2: Strikes out looking
Batting: RHB Jeremy Sipe 0-0: Ground out 5-3 (Groundball, 56S, EV 63.8 MPH)
John Gray to second
Batting: RHB Ray Sims 0-0: Ground out 5-3 (Groundball, 56, EV 86.2 MPH)
Bottom of the 2nd over - 0 runs, 1 hit, 0 errors, 1 left on base; Arkansas 0 - Bowie 0
TOP OF THE 3RD
Arkansas Travelers batting - Pitching for Bowie Baysox : RHP Brent Widder
Batting: RHB Ryuji Ito 0-0: Ball
1-0: Ball
2-0: Called Strike
2-1: Swinging Strike
2-2: Ball
3-2: Foul Ball, location: 2F
3-2: Strikes out swinging
Batting: RHB Timoleon Tsikouna 0-0: Ball
1-0: Swinging Strike
1-1: Swinging Strike
1-2: Foul Ball, location: 2F
1-2: Foul Ball, location: 2F
1-2: Ball
2-2: SINGLE (Line Drive, 6D, EV 95.0 MPH)
Batting: LHB Larry Prey 0-0: Ball
1-0: Called Strike
1-1: Foul Ball, location: 2F
1-2: Fly out, F4 (Popup, 34D, EV 52.5 MPH)
Batting: RHB Jose Ramirez 0-0: Called Strike
0-1: Ball
1-1: Foul Ball, location: 2F
1-2: Foul Ball, location: 2F
1-2: Strikes out swinging
Top of the 3rd over - 0 runs, 1 hit, 0 errors, 1 left on base; Arkansas 0 - Bowie 0
BOTTOM OF THE 3RD
Bowie Baysox batting - Pitching for Arkansas Travelers : RHP Bartholomeu Voivodic
Batting: RHB Antonio Gamez 0-0: Fly out, F7 (Flyball, 7LSF, EV 96.2 MPH)
Batting: LHB Tom Edwards 0-0: Ball
1-0: Ground out 4-3 (Groundball, 34, EV 77.5 MPH)
Batting: RHB Joe Young 0-0: Foul Ball, location: 2F
0-1: Bunted foul
0-2: Ball
1-2: Strikes out swinging
Bottom of the 3rd over - 0 runs, 0 hits, 0 errors, 0 left on base; Arkansas 0 - Bowie 0
TOP OF THE 4TH
Arkansas Travelers batting - Pitching for Bowie Baysox : RHP Brent Widder
Batting: RHB Juan Montez 0-0: Ball
1-0: Ball
2-0: Foul Ball, location: 2F
2-1: Ball
3-1: Called Strike
3-2: Ground out 4-3 (Groundball, 4, EV 78.1 MPH)
Batting: LHB Mark Reeg 0-0: Foul Ball, location: 2F
0-1: Ball
1-1: Foul Ball, location: 2F
1-2: Strikes out swinging
Batting: LHB Griffin Ferris 0-0: Ball
1-0: Ball
2-0: Ball
3-0: Base on Balls
Batting: RHB Juan Martinez 0-0: Ball
1-0: Fielders Choice at 2nd, 6-4 (Groundball, 6, EV 90.0 MPH)
Top of the 4th over - 0 runs, 0 hits, 0 errors, 1 left on base; Arkansas 0 - Bowie 0
BOTTOM OF THE 4TH
Bowie Baysox batting - Pitching for Arkansas Travelers : RHP Bartholomeu Voivodic
Batting: RHB Muneer Maudad 0-0: Swinging Strike
0-1: Ball
1-1: Ball
2-1: Fly out, F9 (Flyball, 9, EV 86.2 MPH)
Batting: RHB Travis Leonard 0-0: Called Strike
0-1: Ball
1-1: Ball
2-1: Foul Ball, location: 2F
2-2: DOUBLE (Groundball, 5L, EV 105.0 MPH)
Batting: RHB John Gray 0-0: Ball
1-0: Swinging Strike
1-1: Fly out, F2 (Popup, 25F, EV 93.8 MPH)
Batting: RHB Edwin Ramos 0-0: Ball
1-0: Foul Ball, location: 2F
1-1: Ground out U3 (Groundball, 34, EV 81.2 MPH)
Bottom of the 4th over - 0 runs, 1 hit, 0 errors, 1 left on base; Arkansas 0 - Bowie 0
TOP OF THE 5TH
Arkansas Travelers batting - Pitching for Bowie Baysox : RHP Brent Widder
Batting: LHB Justin Balthazor 0-0: Foul Ball, location: 2F
0-1: Foul Ball, location: 2F
0-2: Strikes out swinging
Batting: RHB Ryuji Ito 0-0: Swinging Strike
0-1: Called Strike
0-2: Foul Ball, location: 2F
0-2: Strikes out swinging
Batting: RHB Timoleon Tsikouna 0-0: Called Strike
0-1: Called Strike
0-2: Ball
1-2: SINGLE (Groundball, 6MD, EV 99.4 MPH)
Batting: LHB Larry Prey 0-0: Called Strike
0-1: Ball
1-1: Foul Ball, location: 2F
1-2: Ground out 4-3 (Groundball, 4, EV 104.4 MPH)
Top of the 5th over - 0 runs, 1 hit, 0 errors, 1 left on base; Arkansas 0 - Bowie 0
BOTTOM OF THE 5TH
Bowie Baysox batting - Pitching for Arkansas Travelers : RHP Bartholomeu Voivodic
Batting: RHB Jeremy Sipe 0-0: Called Strike
0-1: Ball
1-1: Called Strike
1-2: Ground out 5-3 (Groundball, 56S, EV 69.4 MPH)
Batting: RHB Ray Sims 0-0: Ball
1-0: Ground out 6-3 (Groundball, 56, EV 105.0 MPH)
Batting: RHB Antonio Gamez 0-0: Ball
1-0: Foul Ball, location: 2F
1-1: Ball
2-1: Called Strike
2-2: Ball
3-2: Base on Balls
Batting: LHB Tom Edwards 0-0: Ball
1-0: Ball
2-0: Ground out 2-3 (Groundball, 13S, EV 70.6 MPH)
Bottom of the 5th over - 0 runs, 0 hits, 0 errors, 1 left on base; Arkansas 0 - Bowie 0
TOP OF THE 6TH
Arkansas Travelers batting - Pitching for Bowie Baysox : RHP Brent Widder
Batting: RHB Jose Ramirez 0-0: Ball
1-0: Foul Ball, location: 2F
1-1: Ball
2-1: Swinging Strike
2-2: Fly out, F7 (Line Drive, 78M, EV 88.1 MPH)
Batting: RHB Juan Montez 0-0: Ball
1-0: Swinging Strike
1-1: Foul Ball, location: 2F
1-2: SINGLE (Line Drive, 9LS, EV 101.9 MPH)
Batting: LHB Mark Reeg 0-0: 2-RUN HOME RUN (Flyball, 9D, EV 99.4 MPH), Distance : 383 ft
Batting: LHB Griffin Ferris 0-0: Foul Ball, location: 2F
0-1: Swinging Strike
0-2: Foul Ball, location: 2F
0-2: Foul Ball, location: 2F
0-2: Ball
1-2: Ball
2-2: Foul Ball, location: 2F
2-2: Hit by Pitch
Pitching: RHP Brian Tarver
Batting: RHB Juan Martinez 0-0: Called Strike
0-1: Ball
1-1: Called Strike
1-2: Strikes out looking
Batting: LHB Justin Balthazor 0-0: Swinging Strike
0-1: Called Strike
0-2: Ball
1-2: SINGLE (Groundball, 4D, EV 108.8 MPH)
Griffin Ferris to second
Runner from 2nd tries for 3rd, SAFE, throw by RF made to third
Batting: RHB Ryuji Ito 0-0: Called Strike
0-1: Foul Ball, location: 2F
0-2: Strikes out swinging
Top of the 6th over - 2 runs, 3 hits, 0 errors, 2 left on base; Arkansas 2 - Bowie 0
BOTTOM OF THE 6TH
Bowie Baysox batting - Pitching for Arkansas Travelers : RHP Bartholomeu Voivodic
Batting: RHB Joe Young 0-0: Foul Ball, location: 2F
0-1: SINGLE (Groundball, 6S, EV 73.8 MPH) (infield hit)
Batting: RHB Muneer Maudad 0-0: SINGLE (Groundball, 6MD, EV 104.4 MPH)
Joe Young to second
Runner from 2nd tries for 3rd, SAFE, throw by CF made to third
Batting: RHB Travis Leonard 0-0: Called Strike
0-1: Foul Ball, location: 2F
0-2: Strikes out swinging
Pinch Hitting: LHB Justin Moore 0-0: Swinging Strike
0-1: Ground out 5-3 (Groundball, 56, EV 105.6 MPH)
Muneer Maudad to second
Batting: RHB Edwin Ramos 0-0: Ball
1-0: DOUBLE (Groundball, 5L, EV 100.0 MPH)
Joe Young scores
Muneer Maudad scores
Batting: RHB Jeremy Sipe 0-0: Ball
1-0: Ball
2-0: Called Strike
2-1: Ball
3-1: Called Strike
3-2: Base on Balls
Batting: RHB Ray Sims 0-0: Ball
1-0: Called Strike
1-1: Ground out 4-3 (Groundball, 4, EV 87.5 MPH)
Bottom of the 6th over - 2 runs, 3 hits, 0 errors, 2 left on base; Arkansas 2 - Bowie 2
TOP OF THE 7TH
Arkansas Travelers batting - Pitching for Bowie Baysox : RHP Brian Tarver
Now in CF: Antonio Gamez
Now in RF: Justin Moore
Batting: RHB Timoleon Tsikouna 0-0: Ground out U3 (Groundball, 13, EV 86.2 MPH)
Batting: LHB Larry Prey 0-0: Ground out 6-3 (Groundball, 6, EV 90.6 MPH)
Batting: RHB Jose Ramirez 0-0: Called Strike
0-1: Foul Ball, location: 2F
0-2: Ball
1-2: Strikes out swinging
Top of the 7th over - 0 runs, 0 hits, 0 errors, 0 left on base; Arkansas 2 - Bowie 2
BOTTOM OF THE 7TH
Bowie Baysox batting - Pitching for Arkansas Travelers : RHP Bartholomeu Voivodic
Batting: RHB Antonio Gamez 0-0: Ball
1-0: Ball
2-0: Called Strike
2-1: Called Strike
2-2: Foul Ball, location: 2F
2-2: Ball
3-2: Base on Balls
Batting: LHB Tom Edwards 0-0: Ball
1-0: Called Strike
1-1: Ball
2-1: Foul Ball, location: 2F
2-2: Strikes out swinging
Batting: RHB Joe Young 0-0: Fly out, F8 (Flyball, 8LM, EV 81.9 MPH)
Batting: RHB Muneer Maudad 0-0: Ball
1-0: Foul Ball, location: 2F
1-1: Called Strike
1-2: Strikes out looking
Bottom of the 7th over - 0 runs, 0 hits, 0 errors, 1 left on base; Arkansas 2 - Bowie 2
TOP OF THE 8TH
Arkansas Travelers batting - Pitching for Bowie Baysox : RHP Brian Tarver
Batting: RHB Juan Montez 0-0: Ball
1-0: Called Strike
1-1: Called Strike
1-2: Ball
2-2: Ground out 5-3 (Groundball, 5S, EV 88.1 MPH)
Batting: LHB Mark Reeg 0-0: Called Strike
0-1: Ball
1-1: Foul Ball, location: 2F
1-2: SINGLE (Line Drive, 56D, EV 95.0 MPH)
Batting: LHB Griffin Ferris 0-0: Called Strike
0-1: Foul Ball, location: 2F
0-2: Foul Ball, location: 2F
0-2: Foul Ball, location: 2F
0-2: Foul Ball, location: 2F
0-2: Ball
Mark Reeg is caught stealing 2nd base 2-6
1-2: Ball
2-2: Ground out 4-3 (Groundball, 4, EV 85.6 MPH)
Top of the 8th over - 0 runs, 1 hit, 0 errors, 0 left on base; Arkansas 2 - Bowie 2
BOTTOM OF THE 8TH
Bowie Baysox batting - Pitching for Arkansas Travelers : RHP Bartholomeu Voivodic
Pitching: LHP Bryan Payne
Batting: RHB Travis Leonard 0-0: Called Strike
0-1: Called Strike
0-2: Foul Ball, location: 2F
0-2: Ball
1-2: Strikes out swinging, 2-3 out at first.
Pinch Hitting: RHB Andy Chess 0-0: Called Strike
0-1: Ball
1-1: Foul Ball, location: 2F
1-2: Foul Ball, location: 2F
1-2: Ground out 4-3 (Groundball, 34, EV 105.6 MPH)
Batting: RHB Edwin Ramos 0-0: Ball
1-0: Foul Ball, location: 2F
1-1: Ball
2-1: SOLO HOME RUN (Flyball, 7D, EV 96.9 MPH), Distance : 379 ft
Batting: RHB Jeremy Sipe 0-0: Foul Ball, location: 2F
0-1: Ball
1-1: Called Strike
1-2: Strikes out swinging
Bottom of the 8th over - 1 run, 1 hit, 0 errors, 0 left on base; Arkansas 2 - Bowie 3
TOP OF THE 9TH
Arkansas Travelers batting - Pitching for Bowie Baysox : RHP Brian Tarver
Pitching: RHP Corey Rizzuto
Now in RF: Juan Estrada
Batting: RHB Juan Martinez 0-0: Ball
1-0: Ball
2-0: Swinging Strike
2-1: Fly out, F9 (Flyball, 89M, EV 90.0 MPH)
Batting: LHB Justin Balthazor 0-0: Ball
1-0: Foul Ball, location: 2F
1-1: Foul Ball, location: 2F
1-2: Strikes out looking
Batting: RHB Ryuji Ito 0-0: Called Strike
0-1: Foul Ball, location: 2F
0-2: Ball
1-2: Ball
2-2: Foul Ball, location: 2F
2-2: Ball
3-2: Fly out, F8 (Flyball, 8RD, EV 88.1 MPH)
Top of the 9th over - 0 runs, 0 hits, 0 errors, 0 left on base; Arkansas 2 - Bowie 3
Tuesday, March 28th , 2023 - OOTP Baseball 23.10 Build 110